 Dungeon Crawl Stone Soup version 0.17.1-1-g73c8601 (webtiles) character file.

452 Implojin the Cleaver (level 6, -13/82 HPs)
             Began as a Deep Dwarf Berserker on Apr 8, 2016.
             Was a Follower of Trog.
             Mangled by an orc warrior
             ... wielding a +0 halberd
              (16 damage)
             ... on level 6 of the Dungeon.
             The game lasted 00:04:29 (626 turns).

Implojin the Cleaver (Deep Dwarf Berserker)          Turns: 626, Time: 00:04:29

Health: -13/82     AC:  2    Str: 27    XL:     6   Next: 75%
Magic:  6/6        EV: 12    Int:  8    God:    Trog [*.....]
Gold:   29         SH:  0    Dex: 12    Spells: 0 memorised, 5 levels left

rFire  . . .     SeeInvis .     a - +0 hand axe
rCold  . . .     Clarity  .     b - +0 animal skin
rNeg   . . .     SustAt   .     (no shield)
rPois  .         Gourm    .     (no helmet)
rElec  .         Spirit   .     (no cloak)
rCorr  .         Warding  .     (no gloves)
rMut   .         Stasis   .     (no boots)
MR     .....                    (no amulet)
Stlth  ..........               (no ring)
                                (no ring)

@: berserking, non-regenerating, very quick, not resistant to hostile
enchantments, extremely unstealthy
A: damage resistance, recharge devices, sense surroundings 1, slow regeneration
3
a: Device Recharging, Berserk, Burn Spellbooks, Renounce Religion


You were on level 6 of the Dungeon.
You worshipped Trog.
Trog was aware of your devotion.
You were hungry.

You visited 1 branch of the dungeon, and saw 6 of its levels.

You collected 29 gold pieces.

Inventory:

Hand Weapons
 a - a +0 hand axe (weapon)
Armour
 b - a +0 animal skin (worn)
Jewellery
 e - an uncursed ring of see invisible {unknown}
 o - an uncursed ring of stealth {unknown}
Wands
 c - a wand of heal wounds (1)
Scrolls
 i - a scroll of enchant weapon {unknown}
 k - a scroll of magic mapping {unknown}
 l - a scroll of blinking {unknown}
 n - a scroll of teleportation {unknown}
 p - a scroll of remove curse {unknown}
Potions
 g - a potion of haste {unknown}
 h - 2 potions of brilliance {unknown}
 j - a potion of curing {unknown}
Comestibles
 d - 2 bread rations
 f - 5 chunks of flesh
 m - a beef jerky


   Skills:
 - Level 2.6 Fighting
 * Level 8.4 Axes
 - Level 2.1 Armour
 - Level 2.1 Dodging


You had 5 spell levels left.
You didn't know any spells.

Dungeon Overview and Level Annotations

Branches:
Dungeon (6/15)             Temple (0/1) D:5

Altars:
Okawaru
Qazlal
Sif Muna


Innate Abilities, Weirdness & Mutations

You are resistant to damage.
You can recharge devices by infusing magical energy.
You passively map a small area around you.
You do not regenerate naturally.


Message History

The adder poisons you!
You closely miss the adder.
The adder is severely wounded.
The adder bites you.
You slash the adder!
You kill the adder!
Trog accepts your kill.
You feel less exhausted.
You are no longer poisoned.
The orc warrior shouts!
You're too hungry to go berserk.
Eat one of 6 chunks of flesh? (ye/n/q/i?) This raw flesh tastes terrible.
The orc warrior hits you from afar with a halberd!
* * * LOW HITPOINT WARNING * * *
You continue eating.
The orc warrior hits you from afar with a halberd!
* * * LOW HITPOINT WARNING * * *
You continue eating.
The orc warrior hits you from afar with a halberd!
* * * LOW HITPOINT WARNING * * *
Unknown command.
A red film seems to cover your vision as you go berserk!
You feel yourself moving faster!
You feel mighty!
You are feeling hungry.
Unknown command.
You feel a strong urge to attack something.
The orc warrior closely misses you.
You hit the orc warrior.
The orc warrior is lightly wounded.
You hit the orc warrior.
The orc warrior is lightly wounded.
The orc warrior hits you with a halberd!
* * * LOW HITPOINT WARNING * * *
You barely miss the orc warrior.
The orc warrior is lightly wounded.
You slash the orc warrior!
The orc warrior is moderately wounded.
The orc warrior hits you with a halberd!!
You die...

* * ,, ,, , ,,, ,
* * , , ####* *
*,#..#### #...o.#
,#.###@#######
#.# #.......# #.#
#..####.# *
#######+#.###..#
#.# ,
............#..#
#.#
,.........<#.#..#
#.# *
..........#.#..#
#.#
..........#.#..#,
#.#
..........#.#..#
,#.#


You could see an orc warrior.

Vanquished Creatures
  The ghost of Implojin the Chopper, an amateur MiFi (D:5)
  The ghost of Implojin the Chopper, an amateur HOFi (D:4)
  A centaur (D:5)
  An ogre (D:5)
  A worker ant (D:3)
  3 adders
  A shadow imp (D:6)
  An ooze (D:5)
  A giant gecko (D:3)
  3 orcs (D:6)
  A hobgoblin (D:3)
  2 kobolds
  A quokka (D:3)
  2 giant newts (D:3)
  2 goblins
  2 rats (D:3)
24 creatures vanquished.

Notes
Turn   | Place    | Note
--------------------------------------------------------------
     0 | D:1      | Implojin the Deep Dwarf Berserker began the quest for the Orb.
     0 | D:1      | Reached XP level 1. HP: 20/20 MP: 1/1
    99 | D:3      | Reached skill level 4 in Axes
    99 | D:3      | Reached XP level 2. HP: 27/27 MP: 2/2
   129 | D:4      | Noticed Implojin's ghost (amateur HOFi)
   145 | D:3      | Reached XP level 3. HP: 14/33 MP: 3/3
   194 | D:3      | Reached skill level 5 in Axes
   197 | D:3      | Found an iron altar of Okawaru.
   321 | D:4      | Killed Implojin's ghost
   321 | D:4      | Reached skill level 6 in Axes
   321 | D:4      | Reached XP level 4. HP: 11/40 MP: 4/4
   321 | D:4      | Reached XP level 5. HP: 12/46 MP: 5/5
   354 | D:4      | Found a deep blue altar of Sif Muna.
   357 | D:5      | Entered Level 5 of the Dungeon
   417 | D:5      | Noticed Implojin's ghost (amateur MiFi)
   424 | D:5      | Noticed an ogre
   427 | D:5      | Killed Implojin's ghost
   427 | D:5      | Reached skill level 7 in Axes
   427 | D:5      | Reached XP level 6. HP: 45/55 MP: 6/6
   433 | D:5      | Killed an ogre
   461 | D:5      | Found a stormy altar of Qazlal.
   467 | D:5      | Found a staircase to the Ecumenical Temple.
   473 | D:5      | Noticed a centaur
   483 | D:5      | Killed a centaur
   483 | D:5      | Reached skill level 8 in Axes
   515 | D:6      | Noticed an orc warrior
   624 | D:6      | HP: 3/82 [orc warrior/halberd (13)]
   626 | D:6      | Mangled by an orc warrior

Action                   |  1- 3 |  4- 6 || total
-------------------------+-------+-------++-------
Melee: Hand axe          |    60 |    37 ||    97
Invok: Berserk           |     2 |     4 ||     6
Evoke: Wand              |     1 |     3 ||     4
  Eat: Chunk             |       |     4 ||     4

Table legend:
 A = Turns spent in this place as a percentage of turns spent in the entire game.
 B = Non-inter-level travel turns spent in this place as a percentage of non-inter-level travel turns spent in the entire game.
 C = Inter-level travel turns spent in this place as a percentage of turns spent in this place.
 D = Turns resting spent in this place as a percentage of non-inter-level travel turns spent in this place.
 E = Turns spent auto-exploring this place as a percentage of non-inter-level travel turns spent in this place.
 F = Non-inter-level travel turns spent in this place divided by the number of levels of this place that you've seen.
                   A       B       C       D       E      F
               +-------+-------+-------+-------+-------+----------------------
         Total | 100.0 | 100.0 |   0.0 |   0.0 |   0.0 | 102.8
       Dungeon | 100.0 | 100.0 |   0.0 |   0.0 |   0.0 | 102.8
               +-------+-------+-------+-------+-------+----------------------

Table legend:
 A = Kills in this place as a percentage of kills in entire the game.
 B = Kills by you in this place as a percentage of kills by you in the entire game.
 C = Kills by friends in this place as a percentage of kills by friends in the entire game.
 D = Other kills in this place as a percentage of other kills in the entire game.
 E = Experience gained in this place as a percentage of experience gained in the entire game.
 F = Experience gained in this place divided by the number of levels of this place that you have seen.
                   A       B       C       D       E      F
               +-------+-------+-------+-------+-------+----------------------
         Total | 100.0 | 100.0 |  -nan |  -nan | 100.0 | 107.7
       Dungeon | 100.0 | 100.0 |  -nan |  -nan | 100.0 | 107.7
               +-------+-------+-------+-------+-------+----------------------
